Golden Knights vs Golden Seals

Created - 27 octobre 2021 at 14:39

Goals
1 2 3 T
Golden Knights 0 1 0 1
Golden Seals 0 1 2 3
Shots
1 2 3 T
Golden Knights 11 6 8 25
Golden Seals 6 16 8 30

1st period

No Goal

Penalties :
Antoine Roussel (VGK) for Holding (Minor) at 7:07, Ondrej Palat (VGK) for Holding (Minor) at 11:23, Adam Boqvist (VGK) for Tripping (Minor) at 14:33

2nd period

1. Golden Seals , Oskar Lindblom 1 (Jonathan Toews 5) at 8:26
2. Golden Knights , Brock Boeser 7 (Blake Coleman 2, Phil Kessel 1) at 14:31 (PP)

Penalties :
P.K. Subban (VGK) for Elbowing (Minor) at 2:26, Jaden Schwartz (CLF) for Roughing (Minor) at 9:21, Colton Parayko (CLF) for Hooking (Minor) at 13:49, Antoine Roussel (VGK) for Hooking (Minor) at 16:48

3rd period

3. Golden Seals , Tyler Toffoli 2 (Nick Suzuki 3, Jonathan Toews 6) at 7:54
4. Golden Seals , Miles Wood 4 (Jonathan Toews 7, Robert Hagg 2) at 19:22

Penalties :
Evgeni Malkin (VGK) for Roughing (Minor) at 0:23, Jaden Schwartz (CLF) for Tripping (Minor) at 4:26, Evgeni Malkin (VGK) for Hooking (Minor) at 8:57, Antoine Roussel (VGK) for Holding (Minor) at 19:32

Goalie Stats

Lukas Dostal (VGK), 27 saves from 30 shots - (0,900), L, 1-1-0, 60:00 minutes
Andrei Vasilevskiy (CLF), 24 saves from 25 shots - (0,960), W, 4-1-0, 60:00 minutes

Players Stats for Golden Knights

Player Name              G  A  P  +/- PIM S  H  SB GA TA FO     MP     PP MP  PK MP  
------------------------------------------------------------------------------------
Adam Boqvist             0  0  0  -2  2   0  0  0  0  0  0/0    12:10   0:00   0:00 
Antoine Roussel          0  0  0  -1  6   3  1  0  0  0  1/1     8:42   0:00   0:00 
Blake Coleman            0  1  1  -1  0   1  1  1  0  0  4/11   13:41   2:02   0:00 
Brock Boeser             1  0  1  -1  0   2  2  1  2  1  2/7    22:54   2:36   7:07 
Danny O'Regan            0  0  0   0  0   0  0  0  0  0  0/0     7:21   0:00   0:00 
David Backes             0  0  0  -1  0   2  4  0  0  0  4/9    16:03   0:02   6:19 
Derek Stepan             0  0  0  -1  0   2  1  0  0  0  0/0    13:41   2:02   0:00 
Drake Caggiula           0  0  0  -1  0   2  2  0  0  0  0/0     9:30   0:00   0:23 
Evgeni Malkin            0  0  0  -1  4   1  2  1  1  0  10/19  16:38   2:36   1:01 
Gustav Lindstrom         0  0  0  -1  0   1  1  1  0  0  0/0    21:55   2:07   5:22 
Jacob Bryson             0  0  0  -2  0   3  1  2  0  0  0/0    21:19   0:00   8:58 
Jake Evans               0  0  0   0  0   0  0  0  0  0  0/0     0:21   0:02   0:00 
Joel Kiviranta           0  0  0   0  0   0  0  0  0  0  0/0     0:21   0:02   0:00 
Jonny Brodzinski         0  0  0   0  0   2  1  0  0  0  0/0     7:21   0:00   0:00 
Kris Russell             0  0  0  -1  0   0  0  1  0  2  0/0    24:42   2:07   8:58 
Nic Dowd                 0  0  0   0  0   1  0  0  0  1  1/2     9:33   0:00   2:01 
Ondrej Palat             0  0  0  -1  2   2  2  0  2  0  0/0    21:27   2:36   5:59 
P.K. Subban              0  0  0   0  2   1  1  1  0  1  0/0    15:52   2:33   0:00 
Phil Kessel              0  1  1  -1  0   2  0  1  0  0  0/0    19:31   2:02   5:50 
Ryan Pulock              0  0  0   0  0   0  2  1  0  0  0/0    22:30   2:33   5:22 

Players Stats for Golden Seals

Player Name              G  A  P  +/- PIM S  H  SB GA TA FO     MP     PP MP  PK MP  
------------------------------------------------------------------------------------
Barclay Goodrow          0  0  0   1  0   0  2  0  0  1  3/6    12:34   0:01   2:56 
Cody Ceci                0  0  0   1  0   1  1  0  0  1  0/0    19:10   0:00   2:36 
Colton Parayko           0  0  0   1  2   2  0  2  0  1  0/0    26:33   9:50   0:11 
Jaden Schwartz           0  0  0   1  4   3  2  1  0  0  0/0    20:36   9:50   0:00 
Jason Robertson          0  0  0   0  0   1  3  0  0  0  0/1    16:04   6:00   0:00 
Jonathan Toews           0  3  3   2  0   3  0  0  1  1  17/26  20:01   8:17   0:00 
Kurtis MacDermid         0  0  0   2  0   0  0  0  0  0  0/0    11:41   0:00   1:13 
Max Domi                 0  0  0   0  0   1  0  1  0  0  2/7    11:46   0:25   0:41 
Miles Wood               1  0  1   1  0   3  1  0  2  0  0/0    18:41   4:30   2:56 
Nate Schmidt             0  0  0   0  0   1  0  0  0  0  0/0    20:21   4:23   2:04 
Nick Cousins             0  0  0   1  0   0  2  0  0  0  0/1    10:14   0:15   1:03 
Nick Suzuki              0  1  1   1  0   7  1  0  1  0  0/0    20:31   8:05   0:41 
Oskar Lindblom           1  0  1   1  0   1  0  0  1  0  1/1     9:45   0:00   1:03 
Robby Fabbri             0  0  0   0  0   0  1  0  0  1  0/0    15:26   5:52   0:00 
Robert Hagg              0  1  1   2  0   0  1  1  0  0  0/0    13:47   0:07   3:16 
Thomas Harley            0  0  0   0  0   0  1  0  0  0  0/0    12:50   0:00   0:00 
Tyler Toffoli            1  0  1   1  0   6  2  0  0  0  1/1    19:25   8:05   0:00 
William Karlsson         0  0  0   0  0   1  1  0  0  0  3/6    15:52   6:00   0:00 

3 Stars

1 - Jonathan Toews (CLF)
2 - Tyler Toffoli (CLF)
3 - Andrei Vasilevskiy (CLF)

Power Play

Golden Knights - 1 on 3 Attempt(s) - 33,33%
Golden Seals - 0 on 8 Attempt(s) - 0,00%

Penalty Kill

Golden Knights - 8 on 8 Attempt(s) - 100,00% - Score 0 goal in Penalty Kill
Golden Seals - 2 on 3 Attempt(s) - 66,67% - Score 0 goal in Penalty Kill

Team Stat

Golden Knights - Hits : 21 - Faceoff Wins : 22 - Blocked Shots : 10 - Penalty Minutes : 16
Golden Seals - Hits : 18 - Faceoff Wins : 27 - Blocked Shots : 5 - Penalty Minutes : 6

Official

Referees : Frederick L'Ecuyer and Dean Morton
Linesman : Michel Cormier and Glen Cooke

Game Notes

No Game Note

Finance

Level 1 -- Attendance: 6000 (100,00%) -- Ticket Income 360 000 $
Level 2 -- Attendance: 5000 (100,00%) -- Ticket Income 175 000 $
Level 3 -- Attendance: 2000 (100,00%) -- Ticket Income 32 000 $
Level 4 -- Attendance: 4000 (100,00%) -- Ticket Income 40 000 $
Luxury Box -- Attendance: 1000 (100,00%) -- Ticket Income 100 000 $
Game was played at the Sideburns Coliseum.
Total Attendance: 18000 (100,00%)
Total Ticket Income: 707 000 $
Other Income: 346 430 $
Total Income: 1 053 430 $

Golden Knights

5 vs 5 Forward 
   Center                   Left Wing                Right Wing               Time % Phy DF OF 
 1 Evgeni Malkin            Ondrej Palat             Brock Boeser             36     0   2  3  
 2 Blake Coleman            Derek Stepan             Phil Kessel              34     0   2  3  
 3 David Backes             Antoine Roussel          Drake Caggiula           26     0   2  3  
 4 Nic Dowd                 Danny O'Regan            Jonny Brodzinski         4      0   3  2  

5 vs 5 Defense 
   Defense                  Defense                                           Time % Phy DF OF 
 1 Ryan Pulock              P.K. Subban                                       35     0   2  3  
 2 Kris Russell             Gustav Lindstrom                                  35     0   2  3  
 3 Jacob Bryson             Adam Boqvist                                      25     0   3  2  
 4 Ryan Pulock              P.K. Subban                                       5      0   3  2  

PowerPlay Forward 
   Center                   Left Wing                Right Wing               Time % Phy DF OF 
 1 Evgeni Malkin            Ondrej Palat             Brock Boeser             55     0   1  4  
 2 Blake Coleman            Derek Stepan             Phil Kessel              45     0   1  4  

PowerPlay Defense
   Defense                  Defense                                           Time % Phy DF OF 
 1 Ryan Pulock              P.K. Subban                                       55     0   2  3  
 2 Kris Russell             Gustav Lindstrom                                  45     0   2  3  

Penalty Kill 4 Players Forward 
   Center                   Wing                     Time % Phy DF OF 
 1 Brock Boeser             Ondrej Palat             54     0   3  2  
 2 David Backes             Phil Kessel              46     0   3  2  

Penalty Kill 4 Players Defense
   Defense                  Defense                  Time % Phy DF OF 
 1 Kris Russell             Jacob Bryson             54     1   2  2  
 2 Ryan Pulock              Gustav Lindstrom         46     1   2  2  

Penalty Kill - 3 Players Forward 
   Forward                                           Time % Phy DF OF 
 1 Nic Dowd                                          55     0   3  2  
 2 David Backes                                      45     0   3  2  

Penalty Kill - 3 Players Defense
   Defense                  Defense                  Time % Phy DF OF 
 1 Ryan Pulock              Jacob Bryson             55     0   3  2  
 2 Kris Russell             Gustav Lindstrom         45     0   3  2  

4 vs 4 Forward 
   Center                   Wing                     Time % Phy DF OF 
 1 Brock Boeser             Ondrej Palat             55     0   2  3  
 2 Evgeni Malkin            Phil Kessel              45     0   2  3  

4 vs 4 Defense
   Defense                  Defense                  Time % Phy DF OF 
 1 Ryan Pulock              P.K. Subban              55     0   2  3  
 2 Kris Russell             Gustav Lindstrom         45     0   3  2  

Last Minutes Offensive
   Center                   Left Wing                Right Wing               Defense                  Defense                  
   Evgeni Malkin            Ondrej Palat             Brock Boeser             Ryan Pulock              P.K. Subban              

Last Minutes Defensive
   Center                   Left Wing                Right Wing               Defense                  Defense                  
   Evgeni Malkin            Ondrej Palat             Brock Boeser             Ryan Pulock              P.K. Subban              

Goaltenders
Starting : Lukas Dostal             
Backup : Connor Hellebuyck        

Extra Forwards
Normal : Joel Kiviranta, Jake Evans, Danny O'Regan - PP : Joel Kiviranta, Jake Evans - PK : Nic Dowd
Extra Defensemen
Normal : Jacob Bryson, Adam Boqvist, Kris Russell - PP : Jacob Bryson - PK : Adam Boqvist, Kris Russell
Penalty Shots
Brock Boeser, Ondrej Palat, Evgeni Malkin, Phil Kessel, Blake Coleman
Custom OT Lines Forwards
Brock Boeser, Ondrej Palat, Evgeni Malkin, Phil Kessel, Blake Coleman, Derek Stepan, David Backes, Nic Dowd, Antoine Roussel, Danny O'Regan
Custom OT Lines Defensemen
Ryan Pulock, P.K. Subban, Kris Russell, Gustav Lindstrom, Jacob Bryson

Scratches
Byron Froese (Healthy)

Golden Seals

5 vs 5 Forward 
   Center                   Left Wing                Right Wing               Time % Phy DF OF 
 1 Jonathan Toews           Tyler Toffoli            Nick Suzuki              36     0   2  3  
 2 William Karlsson         Jason Robertson          Jaden Schwartz           31     0   2  3  
 3 Max Domi                 Miles Wood               Robby Fabbri             23     0   2  3  
 4 Barclay Goodrow          Oskar Lindblom           Nick Cousins             10     2   1  2  

5 vs 5 Defense 
   Defense                  Defense                                           Time % Phy DF OF 
 1 Colton Parayko           Cody Ceci                                         45     0   3  2  
 2 Nate Schmidt             Thomas Harley                                     35     0   3  2  
 3 Robert Hagg              Kurtis MacDermid                                  20     2   3  0  
 4 Nate Schmidt             Cody Ceci                                         0      1   2  2  

PowerPlay Forward 
   Center                   Left Wing                Right Wing               Time % Phy DF OF 
 1 Jonathan Toews           Tyler Toffoli            Nick Suzuki              60     0   0  5  
 2 William Karlsson         Robby Fabbri             Jason Robertson          40     0   0  5  

PowerPlay Defense
   Defense                  Defense                                           Time % Phy DF OF 
 1 Colton Parayko           Jaden Schwartz                                    60     0   0  5  
 2 Nate Schmidt             Miles Wood                                        40     0   0  5  

Penalty Kill 4 Players Forward 
   Center                   Wing                     Time % Phy DF OF 
 1 Barclay Goodrow          Miles Wood               60     1   4  0  
 2 Nick Cousins             Oskar Lindblom           40     1   4  0  

Penalty Kill 4 Players Defense
   Defense                  Defense                  Time % Phy DF OF 
 1 Robert Hagg              Cody Ceci                60     2   3  0  
 2 Nate Schmidt             Robert Hagg              40     2   3  0  

Penalty Kill - 3 Players Forward 
   Forward                                           Time % Phy DF OF 
 1 Barclay Goodrow                                   60     0   5  0  
 2 Jonathan Toews                                    40     0   5  0  

Penalty Kill - 3 Players Defense
   Defense                  Defense                  Time % Phy DF OF 
 1 Colton Parayko           Cody Ceci                60     0   5  0  
 2 Nate Schmidt             Robert Hagg              40     0   5  0  

4 vs 4 Forward 
   Center                   Wing                     Time % Phy DF OF 
 1 Jonathan Toews           Tyler Toffoli            60     1   2  2  
 2 William Karlsson         Nick Suzuki              40     1   2  2  

4 vs 4 Defense
   Defense                  Defense                  Time % Phy DF OF 
 1 Colton Parayko           Cody Ceci                60     1   2  2  
 2 Nate Schmidt             Robert Hagg              40     1   2  2  

Last Minutes Offensive
   Center                   Left Wing                Right Wing               Defense                  Defense                  
   Jonathan Toews           Tyler Toffoli            Jason Robertson          Nate Schmidt             William Karlsson         

Last Minutes Defensive
   Center                   Left Wing                Right Wing               Defense                  Defense                  
   Jonathan Toews           Miles Wood               Jaden Schwartz           Colton Parayko           Cody Ceci                

Goaltenders
Starting : Andrei Vasilevskiy       
Backup : Jacob Ingham             

Extra Forwards
Normal : Robby Fabbri, Nick Cousins, Jason Robertson - PP : Max Domi, Nick Cousins - PK : Nick Suzuki
Extra Defensemen
Normal : Robert Hagg, Kurtis MacDermid, Nate Schmidt - PP : Robert Hagg - PK : Kurtis MacDermid, Robert Hagg
Penalty Shots
Jonathan Toews, Tyler Toffoli, William Karlsson, Robby Fabbri, Jason Robertson
Custom OT Lines Forwards
Jonathan Toews, Tyler Toffoli, William Karlsson, Jaden Schwartz, Nick Suzuki, Miles Wood, Robby Fabbri, Jason Robertson, Barclay Goodrow, Max Domi
Custom OT Lines Defensemen
Colton Parayko, Cody Ceci, Nate Schmidt, Robert Hagg, Thomas Harley

Scratches
Jake McCabe (Severed Left Wrist Tendons Injury)

% Time on Ice - Golden Knights

Lines # - Real PCT - Wanted PCT - Time Play
Normal Forward
1 - 33% - 36% - 13:29
2 - 28% - 34% - 11:39
3 - 21% - 26% - 8:31
4 - 18% - 4% - 7:21
Normal Defense
1 - 37% - 35% - 15:19
2 - 36% - 35% - 14:38
3 - 27% - 25% - 11:03
4 - 0% - 5% - 0:00
PP Forward
1 - 56% - 55% - 2:38
2 - 44% - 45% - 2:02
PP Defense
1 - 55% - 55% - 2:33
2 - 45% - 45% - 2:07
PK Forward
1 - 59% - 54% - 8:30
2 - 41% - 46% - 5:50
PK Defense
1 - 63% - 54% - 8:58
2 - 37% - 46% - 5:22
PK3 Forward
1 - 0% - 55%
2 - 0% - 45%
PK3 Defense
1 - 0% - 55%
2 - 0% - 45%
44 Forward
1 - 0% - 55%
2 - 0% - 45%
44 Defense
1 - 0% - 55%
2 - 0% - 45%
Last Minute Offensive  - 0:00
Last Minute Defensive  - 0:00
Total
Forward - 60:00
Defense - 60:00

% Time on Ice - Golden Seals

Lines # - Real PCT - Wanted PCT - Time Play
Normal Forward
1 - 30% - 36% - 12:12
2 - 25% - 31% - 10:08
3 - 24% - 23% - 9:48
4 - 21% - 10% - 8:31
Normal Defense
1 - 41% - 45% - 16:42
2 - 34% - 35% - 13:59
3 - 25% - 20% - 9:58
4 - 0% - 0% - 0:00
PP Forward
1 - 58% - 60% - 8:19
2 - 42% - 40% - 6:01
PP Defense
1 - 69% - 60% - 9:50
2 - 31% - 40% - 4:30
PK Forward
1 - 78% - 60% - 3:37
2 - 23% - 40% - 1:03
PK Defense
1 - 56% - 60% - 2:36
2 - 44% - 40% - 2:04
PK3 Forward
1 - 0% - 60%
2 - 0% - 40%
PK3 Defense
1 - 0% - 60%
2 - 0% - 40%
44 Forward
1 - 0% - 60%
2 - 0% - 40%
44 Defense
1 - 0% - 60%
2 - 0% - 40%
Last Minute Offensive  - 0:00
Last Minute Defensive  - 0:21
Total
Forward - 60:00
Defense - 60:00

Play-by-Play

1st period


0:01 of 1st period - Evgeni Malkin wins face-off versus Jonathan Toews in neutral zone.
0:26 of 1st period - Derek Stepan is hit by Jason Robertson and loses puck.
0:31 of 1st period - Slapshot by William Karlsson.
0:31 of 1st period - Stopped by Lukas Dostal without a rebound.
0:32 of 1st period - Max Domi wins face-off versus David Backes in Golden Knights zone.
0:40 of 1st period - Snap shot by Miles Wood.
0:40 of 1st period - Shot Misses the Net.
0:58 of 1st period - Oskar Lindblom is hit by Gustav Lindstrom and loses puck.
3:24 of 1st period - Colton Parayko is hit by Drake Caggiula and loses puck.
4:11 of 1st period - Snap shot by Ondrej Palat.
4:11 of 1st period - Shot Misses the Net.
4:13 of 1st period - Slapshot by Ryan Pulock.
4:13 of 1st period - Shot Misses the Net.
4:23 of 1st period - William Karlsson is hit by P.K. Subban and loses puck.
4:28 of 1st period - Wrist shot by Jonny Brodzinski.
4:28 of 1st period - Shot Blocked by Jaden Schwartz.
4:30 of 1st period - Snap shot by Danny O'Regan.
4:30 of 1st period - Shot Misses the Net.
4:32 of 1st period - Slapshot by P.K. Subban.
4:32 of 1st period - Stopped by Andrei Vasilevskiy with a rebound.
5:52 of 1st period - Tyler Toffoli is hit by David Backes and loses puck.
6:50 of 1st period - Icing by Nick Cousins.
6:51 of 1st period - David Backes wins face-off versus Barclay Goodrow in Golden Seals zone.
6:52 of 1st period - Wrist shot by Drake Caggiula.
6:52 of 1st period - Shot Misses the Net.
7:07 of 1st period - Minor Penalty to Antoine Roussel for Holding.
7:08 of 1st period - Jonathan Toews wins face-off versus Brock Boeser in Golden Knights zone.
9:04 of 1st period - Snap shot by David Backes.
9:04 of 1st period - Stopped by Andrei Vasilevskiy with a rebound.
9:07 of 1st period - Penalty to Antoine Roussel is over, Antoine Roussel is back on ice.
9:51 of 1st period - Wrist shot by Drake Caggiula.
9:51 of 1st period - Shot Misses the Net.
10:03 of 1st period - Ryan Pulock is hit by Robert Hagg and loses puck.
10:16 of 1st period - Snap shot by Phil Kessel.
10:16 of 1st period - Stopped by Andrei Vasilevskiy without a rebound.
10:17 of 1st period - Max Domi wins face-off versus Blake Coleman in Golden Seals zone.
10:28 of 1st period - Nate Schmidt is hit by Brock Boeser and loses puck.
10:53 of 1st period - Barclay Goodrow is hit by David Backes and loses puck.
11:02 of 1st period - Slapshot by Drake Caggiula.
11:02 of 1st period - Stopped by Andrei Vasilevskiy without a rebound.
11:03 of 1st period - Evgeni Malkin wins face-off versus Max Domi in Golden Seals zone.
11:04 of 1st period - Snap shot by Ondrej Palat.
11:04 of 1st period - Stopped by Andrei Vasilevskiy without a rebound.
11:05 of 1st period - Evgeni Malkin wins face-off versus Max Domi in Golden Seals zone.
11:06 of 1st period - Wrist shot by Ondrej Palat.
11:06 of 1st period - Deflect By Brock Boeser.
11:06 of 1st period - Stopped by Andrei Vasilevskiy with a rebound.
11:23 of 1st period - Minor Penalty to Ondrej Palat for Holding.
11:24 of 1st period - Nic Dowd wins face-off versus Jonathan Toews in Golden Knights zone.
12:01 of 1st period - Kris Russell is hit by Tyler Toffoli and loses puck.
13:23 of 1st period - Penalty to Ondrej Palat is over, Ondrej Palat is back on ice.
13:59 of 1st period - Nick Cousins is hit by Drake Caggiula.
14:33 of 1st period - Minor Penalty to Adam Boqvist for Tripping.
14:34 of 1st period - David Backes wins face-off versus William Karlsson in Golden Knights zone.
14:45 of 1st period - David Backes is hit by William Karlsson.
16:33 of 1st period - Penalty to Adam Boqvist is over, Adam Boqvist is back on ice.
16:37 of 1st period - Snap shot by Jonny Brodzinski.
16:37 of 1st period - Stopped by Andrei Vasilevskiy without a rebound.
16:38 of 1st period - Oskar Lindblom wins face-off versus Nic Dowd in Golden Seals zone.
17:32 of 1st period - Wrist shot by Nic Dowd.
17:32 of 1st period - Stopped by Andrei Vasilevskiy with a rebound.
17:34 of 1st period - Snap shot by Ondrej Palat.
17:34 of 1st period - Stopped by Andrei Vasilevskiy without a rebound.
17:35 of 1st period - Evgeni Malkin wins face-off versus Max Domi in Golden Seals zone.
18:03 of 1st period - Max Domi is hit by Ondrej Palat and loses puck.
18:15 of 1st period - Off-side.
18:16 of 1st period - Jonathan Toews wins face-off versus Blake Coleman in neutral zone.
18:21 of 1st period - Snap shot by Tyler Toffoli.
18:21 of 1st period - Shot Blocked by Ryan Pulock.
18:23 of 1st period - Slapshot by Cody Ceci.
18:23 of 1st period - Stopped by Lukas Dostal without a rebound.
18:24 of 1st period - Jonathan Toews wins face-off versus Blake Coleman in Golden Knights zone.
18:25 of 1st period - Wrist shot by Tyler Toffoli.
18:25 of 1st period - Shot Misses the Net.
18:27 of 1st period - Backhand shot by Tyler Toffoli.
18:27 of 1st period - Stopped by Lukas Dostal with a rebound.
18:45 of 1st period - Wrist shot by Jonathan Toews.
18:45 of 1st period - Shot Misses the Net.
18:49 of 1st period - Slapshot by Tyler Toffoli.
18:49 of 1st period - Stopped by Lukas Dostal without a rebound.
18:50 of 1st period - Evgeni Malkin wins face-off versus William Karlsson in Golden Knights zone.
18:50 of 1st period - Evgeni Malkin is hit by Thomas Harley.
19:20 of 1st period - Slapshot by Antoine Roussel.
19:20 of 1st period - Stopped by Andrei Vasilevskiy with a rebound.
19:22 of 1st period - Slapshot by Drake Caggiula.
19:22 of 1st period - Stopped by Andrei Vasilevskiy without a rebound.
19:23 of 1st period - Jonathan Toews wins face-off versus Blake Coleman in Golden Seals zone.
19:23 of 1st period - Jonathan Toews is hit by Blake Coleman.
19:56 of 1st period - Snap shot by Jaden Schwartz.
19:56 of 1st period - Stopped by Lukas Dostal without a rebound.
19:57 of 1st period - William Karlsson wins face-off versus Evgeni Malkin in Golden Knights zone.
19:58 of 1st period - Wrist shot by Jason Robertson.
19:58 of 1st period - Stopped by Lukas Dostal with a rebound.
Goals for this period are 0 for Golden Knights vs 0 for Golden Seals.
Shots for this period are 11 for Golden Knights vs 6 for Golden Seals.

2nd period


0:01 of 2nd period - Jonathan Toews wins face-off versus Blake Coleman in neutral zone.
0:04 of 2nd period - Wrist shot by Nick Suzuki.
0:04 of 2nd period - Stopped by Lukas Dostal with a rebound.
0:06 of 2nd period - Snap shot by Jonathan Toews.
0:06 of 2nd period - Shot Blocked by Blake Coleman.
0:08 of 2nd period - Slapshot by Nick Suzuki.
0:08 of 2nd period - Stopped by Lukas Dostal with a rebound.
0:10 of 2nd period - Snap shot by Jonathan Toews.
0:10 of 2nd period - Stopped by Lukas Dostal without a rebound.
0:11 of 2nd period - Evgeni Malkin wins face-off versus Jonathan Toews in Golden Knights zone.
0:22 of 2nd period - Jonathan Toews is hit by Evgeni Malkin.
0:43 of 2nd period - Wrist shot by Jaden Schwartz.
0:43 of 2nd period - Shot Misses the Net.
0:45 of 2nd period - Snap shot by Jaden Schwartz.
0:45 of 2nd period - Shot Misses the Net.
0:47 of 2nd period - Snap shot by Jaden Schwartz.
0:47 of 2nd period - Shot Misses the Net.
0:49 of 2nd period - Slapshot by Colton Parayko.
0:49 of 2nd period - Stopped by Lukas Dostal with a rebound.
1:01 of 2nd period - Max Domi is hit by Antoine Roussel and loses puck.
1:31 of 2nd period - Jacob Bryson is hit by Robby Fabbri and loses puck.
1:40 of 2nd period - Slapshot by Robby Fabbri.
1:40 of 2nd period - Shot Misses the Net.
1:42 of 2nd period - Slapshot by Miles Wood.
1:42 of 2nd period - Stopped by Lukas Dostal with a rebound.
1:44 of 2nd period - Slapshot by Nate Schmidt.
1:44 of 2nd period - Deflect By Brock Boeser.
1:44 of 2nd period - Stopped by Lukas Dostal with a rebound.
1:46 of 2nd period - Wrist shot by Miles Wood.
1:46 of 2nd period - Deflect By Max Domi.
1:46 of 2nd period - Stopped by Lukas Dostal without a rebound.
1:47 of 2nd period - Blake Coleman wins face-off versus Jonathan Toews in Golden Knights zone.
1:55 of 2nd period - Icing by Nick Suzuki.
1:56 of 2nd period - Jonathan Toews wins face-off versus Blake Coleman in Golden Seals zone.
2:13 of 2nd period - Snap shot by Jonathan Toews.
2:13 of 2nd period - Shot Blocked by Phil Kessel.
2:23 of 2nd period - Slapshot by Nick Suzuki.
2:23 of 2nd period - Stopped by Lukas Dostal without a rebound.
2:24 of 2nd period - Evgeni Malkin wins face-off versus William Karlsson in Golden Knights zone.
2:26 of 2nd period - Minor Penalty to P.K. Subban for Elbowing.
2:27 of 2nd period - Jonathan Toews wins face-off versus Brock Boeser in Golden Knights zone.
4:26 of 2nd period - Penalty to P.K. Subban is over, P.K. Subban is back on ice.
4:38 of 2nd period - Snap shot by Jonny Brodzinski.
4:38 of 2nd period - Shot Misses the Net.
5:55 of 2nd period - Colton Parayko is hit by Ondrej Palat and loses puck.
6:38 of 2nd period - Jaden Schwartz is hit by Evgeni Malkin and loses puck.
7:07 of 2nd period - Miles Wood is hit by Derek Stepan and loses puck.
7:48 of 2nd period - Wrist shot by Evgeni Malkin.
7:48 of 2nd period - Shot Misses the Net.
8:26 of 2nd period - Wrist shot by Oskar Lindblom.
8:26 of 2nd period - Goal by Oskar Lindblom - Golden Knights : 0 - Golden Seals : 1.
8:27 of 2nd period - Jonathan Toews wins face-off versus Evgeni Malkin in neutral zone.
8:29 of 2nd period - Off-side.
8:30 of 2nd period - Evgeni Malkin wins face-off versus Jonathan Toews in neutral zone.
8:45 of 2nd period - Wrist shot by Nick Suzuki.
8:45 of 2nd period - Shot Blocked by Brock Boeser.
8:47 of 2nd period - Snap shot by Tyler Toffoli.
8:47 of 2nd period - Deflect By Nick Suzuki.
8:47 of 2nd period - Stopped by Lukas Dostal with a rebound.
9:05 of 2nd period - Snap shot by Colton Parayko.
9:05 of 2nd period - Stopped by Lukas Dostal with a rebound.
9:21 of 2nd period - Minor Penalty to Jaden Schwartz for Roughing.
9:22 of 2nd period - Barclay Goodrow wins face-off versus Evgeni Malkin in Golden Seals zone.
10:07 of 2nd period - Robert Hagg is hit by Brock Boeser and loses puck.
11:21 of 2nd period - Penalty to Jaden Schwartz is over, Jaden Schwartz is back on ice.
11:25 of 2nd period - Barclay Goodrow is hit by David Backes and loses puck.
11:46 of 2nd period - Wrist shot by Tyler Toffoli.
11:46 of 2nd period - Stopped by Lukas Dostal with a rebound.
11:48 of 2nd period - Snap shot by Tyler Toffoli.
11:48 of 2nd period - Stopped by Lukas Dostal with a rebound.
11:50 of 2nd period - Wrist shot by Nick Suzuki.
11:50 of 2nd period - Stopped by Lukas Dostal without a rebound.
11:51 of 2nd period - David Backes wins face-off versus Jonathan Toews in Golden Knights zone.
12:23 of 2nd period - Phil Kessel is hit by Jaden Schwartz.
12:58 of 2nd period - Wrist shot by Danny O'Regan.
12:58 of 2nd period - Deflect By Jonny Brodzinski.
12:58 of 2nd period - Stopped by Andrei Vasilevskiy with a rebound.
13:00 of 2nd period - Slapshot by Jacob Bryson.
13:00 of 2nd period - Deflect By Nick Cousins.
13:00 of 2nd period - Stopped by Andrei Vasilevskiy with a rebound.
13:49 of 2nd period - Minor Penalty to Colton Parayko for Hooking.
13:50 of 2nd period - Barclay Goodrow wins face-off versus Evgeni Malkin in Golden Seals zone.
14:03 of 2nd period - Snap shot by Evgeni Malkin.
14:03 of 2nd period - Stopped by Andrei Vasilevskiy with a rebound.
14:05 of 2nd period - Wrist shot by Ondrej Palat.
14:05 of 2nd period - Deflect By Brock Boeser.
14:05 of 2nd period - Shot Blocked by Robert Hagg.
14:05 of 2nd period - Puck is out of play.
14:06 of 2nd period - Blake Coleman wins face-off versus Barclay Goodrow in Golden Seals zone.
14:31 of 2nd period - Snap shot by Brock Boeser.
14:31 of 2nd period - Goal by Brock Boeser - Golden Knights : 1 - Golden Seals : 1.
14:32 of 2nd period - Jonathan Toews wins face-off versus Evgeni Malkin in neutral zone.
14:37 of 2nd period - Slapshot by Tyler Toffoli.
14:37 of 2nd period - Stopped by Lukas Dostal with a rebound.
14:57 of 2nd period - Phil Kessel is hit by Jason Robertson and loses puck.
15:18 of 2nd period - Wrist shot by Drake Caggiula.
15:18 of 2nd period - Shot Misses the Net.
15:20 of 2nd period - Slapshot by Antoine Roussel.
15:20 of 2nd period - Shot Blocked by Colton Parayko.
15:22 of 2nd period - Slapshot by Gustav Lindstrom.
15:22 of 2nd period - Shot Blocked by Colton Parayko.
15:24 of 2nd period - Wrist shot by David Backes.
15:24 of 2nd period - Shot Hit the Post.
15:26 of 2nd period - Wrist shot by Drake Caggiula.
15:26 of 2nd period - Shot Misses the Net.
16:00 of 2nd period - Snap shot by Blake Coleman.
16:00 of 2nd period - Stopped by Andrei Vasilevskiy without a rebound.
16:01 of 2nd period - Jonathan Toews wins face-off versus Evgeni Malkin in Golden Seals zone.
16:28 of 2nd period - Phil Kessel is hit by Jaden Schwartz and loses puck.
16:39 of 2nd period - Snap shot by Derek Stepan.
16:39 of 2nd period - Stopped by Andrei Vasilevskiy without a rebound.
16:40 of 2nd period - Jonathan Toews wins face-off versus David Backes in Golden Seals zone.
16:48 of 2nd period - Minor Penalty to Antoine Roussel for Hooking.
16:49 of 2nd period - Brock Boeser wins face-off versus Jonathan Toews in Golden Knights zone.
16:57 of 2nd period - Backhand shot by Nick Suzuki.
16:57 of 2nd period - Stopped by Lukas Dostal with a rebound.
18:48 of 2nd period - Penalty to Antoine Roussel is over, Antoine Roussel is back on ice.
19:52 of 2nd period - Icing by Thomas Harley.
19:53 of 2nd period - Antoine Roussel wins face-off versus Max Domi in Golden Seals zone.
Goals for this period are 1 for Golden Knights vs 1 for Golden Seals.
Shots for this period are 6 for Golden Knights vs 16 for Golden Seals.

3rd period


0:01 of 3rd period - Evgeni Malkin wins face-off versus Jonathan Toews in neutral zone.
0:04 of 3rd period - Evgeni Malkin is hit by Nick Suzuki and loses puck.
0:17 of 3rd period - Wrist shot by Jonathan Toews.
0:17 of 3rd period - Shot Misses the Net.
0:23 of 3rd period - Minor Penalty to Evgeni Malkin for Roughing.
0:24 of 3rd period - Jonathan Toews wins face-off versus Brock Boeser in Golden Knights zone.
0:25 of 3rd period - Snap shot by Tyler Toffoli.
0:25 of 3rd period - Shot Blocked by Jacob Bryson.
0:41 of 3rd period - Wrist shot by Nick Suzuki.
0:41 of 3rd period - Shot Misses the Net.
2:13 of 3rd period - Jaden Schwartz is hit by David Backes and loses puck.
2:23 of 3rd period - Penalty to Evgeni Malkin is over, Evgeni Malkin is back on ice.
2:58 of 3rd period - Backhand shot by Ondrej Palat.
2:58 of 3rd period - Shot Misses the Net.
3:37 of 3rd period - Thomas Harley is hit by Jonny Brodzinski and loses puck.
3:46 of 3rd period - Nic Dowd is hit by Barclay Goodrow and loses puck.
4:01 of 3rd period - Backhand shot by Antoine Roussel.
4:01 of 3rd period - Shot Misses the Net.
4:15 of 3rd period - Slapshot by Derek Stepan.
4:15 of 3rd period - Stopped by Andrei Vasilevskiy without a rebound.
4:16 of 3rd period - Blake Coleman wins face-off versus Jason Robertson in Golden Seals zone.
4:26 of 3rd period - Minor Penalty to Jaden Schwartz for Tripping.
4:27 of 3rd period - Barclay Goodrow wins face-off versus Evgeni Malkin in Golden Seals zone.
4:57 of 3rd period - Snap shot by Phil Kessel.
4:57 of 3rd period - Stopped by Andrei Vasilevskiy with a rebound.
4:59 of 3rd period - Slapshot by Kris Russell.
4:59 of 3rd period - Shot Misses the Net.
5:01 of 3rd period - Slapshot by Gustav Lindstrom.
5:01 of 3rd period - Stopped by Andrei Vasilevskiy without a rebound.
5:02 of 3rd period - Evgeni Malkin wins face-off versus Barclay Goodrow in Golden Seals zone.
5:59 of 3rd period - Wrist shot by Oskar Lindblom.
5:59 of 3rd period - Shot Blocked by Gustav Lindstrom.
6:26 of 3rd period - Penalty to Jaden Schwartz is over, Jaden Schwartz is back on ice.
6:40 of 3rd period - Snap shot by Antoine Roussel.
6:40 of 3rd period - Stopped by Andrei Vasilevskiy with a rebound.
6:42 of 3rd period - Wrist shot by Antoine Roussel.
6:42 of 3rd period - Stopped by Andrei Vasilevskiy with a rebound.
6:44 of 3rd period - Slapshot by Ryan Pulock.
6:44 of 3rd period - Shot Misses the Net.
6:56 of 3rd period - Jonny Brodzinski is hit by Jason Robertson and loses puck.
7:28 of 3rd period - Icing by Jacob Bryson.
7:29 of 3rd period - David Backes wins face-off versus Nick Cousins in Golden Knights zone.
7:29 of 3rd period - David Backes is hit by Cody Ceci.
7:48 of 3rd period - Icing by David Backes.
7:49 of 3rd period - Jonathan Toews wins face-off versus David Backes in Golden Knights zone.
7:52 of 3rd period - Snap shot by Nick Suzuki.
7:52 of 3rd period - Shot Misses the Net.
7:54 of 3rd period - Slapshot by Tyler Toffoli.
7:54 of 3rd period - Goal by Tyler Toffoli - Golden Knights : 1 - Golden Seals : 2.
7:55 of 3rd period - Tyler Toffoli wins face-off versus Evgeni Malkin in neutral zone.
8:08 of 3rd period - Slapshot by Jonathan Toews.
8:08 of 3rd period - Deflect By Brock Boeser.
8:08 of 3rd period - Stopped by Lukas Dostal with a rebound.
8:12 of 3rd period - Slapshot by Nick Suzuki.
8:12 of 3rd period - Deflect By Evgeni Malkin.
8:12 of 3rd period - Shot Misses the Net.
8:12 of 3rd period - Puck is out of play.
8:13 of 3rd period - William Karlsson wins face-off versus Blake Coleman in Golden Knights zone.
8:38 of 3rd period - Gustav Lindstrom is hit by Tyler Toffoli and loses puck.
8:57 of 3rd period - Minor Penalty to Evgeni Malkin for Hooking.
8:58 of 3rd period - Brock Boeser wins face-off versus Jonathan Toews in Golden Knights zone.
9:51 of 3rd period - Wrist shot by David Backes.
9:51 of 3rd period - Stopped by Andrei Vasilevskiy with a rebound.
9:53 of 3rd period - Slapshot by Jacob Bryson.
9:53 of 3rd period - Stopped by Andrei Vasilevskiy with a rebound.
9:55 of 3rd period - Slapshot by Jacob Bryson.
9:55 of 3rd period - Shot Misses the Net.
10:07 of 3rd period - Slapshot by Miles Wood.
10:07 of 3rd period - Stopped by Lukas Dostal with a rebound.
10:57 of 3rd period - Penalty to Evgeni Malkin is over, Evgeni Malkin is back on ice.
11:04 of 3rd period - Jacob Bryson is hit by Nick Cousins and loses puck.
12:46 of 3rd period - P.K. Subban is hit by Nick Cousins and loses puck.
13:02 of 3rd period - Robert Hagg is hit by Ryan Pulock and loses puck.
14:01 of 3rd period - Wrist shot by Gustav Lindstrom.
14:01 of 3rd period - Shot Misses the Net.
15:05 of 3rd period - Derek Stepan is hit by Barclay Goodrow and loses puck.
15:28 of 3rd period - Colton Parayko is hit by Jacob Bryson and loses puck.
15:53 of 3rd period - William Karlsson is hit by Ryan Pulock and loses puck.
16:13 of 3rd period - Wrist shot by Jaden Schwartz.
16:13 of 3rd period - Stopped by Lukas Dostal without a rebound.
16:14 of 3rd period - Blake Coleman wins face-off versus Max Domi in Golden Knights zone.
16:19 of 3rd period - Wrist shot by Derek Stepan.
16:19 of 3rd period - Shot Blocked by Max Domi.
16:27 of 3rd period - Snap shot by Max Domi.
16:27 of 3rd period - Shot Misses the Net.
16:33 of 3rd period - Brock Boeser is hit by Miles Wood and loses puck.
17:44 of 3rd period - Icing by Jacob Bryson.
17:45 of 3rd period - Jonathan Toews wins face-off versus Evgeni Malkin in Golden Knights zone.
17:53 of 3rd period - Snap shot by Jacob Bryson.
17:53 of 3rd period - Stopped by Andrei Vasilevskiy without a rebound.
17:54 of 3rd period - Jonathan Toews wins face-off versus David Backes in Golden Seals zone.
19:16 of 3rd period - Slapshot by Jonathan Toews.
19:16 of 3rd period - Shot Misses the Net.
19:18 of 3rd period - Slapshot by Robert Hagg.
19:18 of 3rd period - Shot Blocked by Evgeni Malkin.
19:20 of 3rd period - Slapshot by Robert Hagg.
19:20 of 3rd period - Shot Blocked by Kris Russell.
19:22 of 3rd period - Snap shot by Jonathan Toews.
19:22 of 3rd period - Deflect By Miles Wood.
19:22 of 3rd period - Goal by Miles Wood - Golden Knights : 1 - Golden Seals : 3.
19:23 of 3rd period - William Karlsson wins face-off versus David Backes in neutral zone.
19:30 of 3rd period - Slapshot by William Karlsson.
19:30 of 3rd period - Shot Blocked by P.K. Subban.
19:32 of 3rd period - Minor Penalty to Antoine Roussel for Holding.
19:33 of 3rd period - Jonathan Toews wins face-off versus Brock Boeser in Golden Knights zone.
19:36 of 3rd period - Backhand shot by Jonathan Toews.
19:36 of 3rd period - Shot Misses the Net.
19:38 of 3rd period - Slapshot by Jaden Schwartz.
19:38 of 3rd period - Stopped by Lukas Dostal with a rebound.
19:40 of 3rd period - Snap shot by Jonathan Toews.
19:40 of 3rd period - Deflect By Tyler Toffoli.
19:40 of 3rd period - Shot Blocked by Jacob Bryson.
19:40 of 3rd period - Puck is out of play.
19:41 of 3rd period - Jonathan Toews wins face-off versus Brock Boeser in Golden Knights zone.
19:56 of 3rd period - Slapshot by Jonathan Toews.
19:56 of 3rd period - Stopped by Lukas Dostal with a rebound.
19:58 of 3rd period - Snap shot by Nick Suzuki.
19:58 of 3rd period - Stopped by Lukas Dostal with a rebound.
Goals for this period are 0 for Golden Knights vs 2 for Golden Seals.
Shots for this period are 8 for Golden Knights vs 8 for Golden Seals.